 Dungeon Crawl Stone Soup version 0.30-a0-672-gc3a7216ad8 (webtiles) character file.

Game seed: 5198337244049435139

5025 Dittersdorf the Blocker (level 10, 0/66 HPs)
             Began as a Gargoyle Fighter on Jan 18, 2023.
             Was a Believer of Okawaru.
             Slain by a killer bee (2 damage)
             ... on level 9 of the Dungeon.
             The game lasted 00:13:22 (6715 turns).

Dittersdorf the Blocker (Gargoyle Fighter)          Turns: 6715, Time: 00:13:23

Health: 0/66       AC: 21    Str: 29    XL:     10   Next: 55%
Magic:  10/10      EV:  8    Int: 10    God:    Okawaru [**....]
Gold:   619        SH:  5    Dex:  9    Spells: 9/9 levels left

rFire   + . .      SeeInvis .    t - +0 morningstar (heavy)
rCold   + + .      Faith    .    c - +0 buckler
rNeg    + . .      Spirit   .    x - +2 chain mail {rC+}
rPois   ∞          Reflect  .    y - +0 helmet
rElec   +          Harm     .    l - scarf {rC+ rF+}
rCorr   +          Rampage  .    (no gloves)
Will    .....                    (no boots) Stlth
                                 j - amulet of regeneration
HPRegen 1.11/turn                n - +6 ring of strength
MPRegen 0.12/turn                B - ring of resist corrosion

@: no status effects
A: sickness immunity, AC +7, negative energy resistance 1, electricity
resistance, torment resistance 1, petrification resistance
a: Renounce Religion, Heroism


You were on level 9 of the Dungeon.
You worshipped Okawaru.
Okawaru was pleased with you.
You visited 2 branches of the dungeon, and saw 10 of its levels.
You also visited: Ossuary.

You collected 619 gold pieces.

Inventory:

Hand Weapons
 t - a +0 heavy morningstar (weapon)
Missiles
 a - 25 poisoned darts (quivered)
 E - a curare-tipped dart
Armour
 c - a +0 buckler (worn)
 l - a scarf of resistance (worn)
 x - a +2 chain mail of cold resistance (worn)
 y - a +0 helmet (worn)
 G - a +0 pair of boots
Jewellery
 j - an amulet of regeneration (around neck)
 n - a +6 ring of strength (left hand)
 u - a ring of fire
 B - a ring of resist corrosion (right hand)
Wands
 g - a wand of quicksilver (6)
 w - a wand of flame (23)
 F - a wand of iceblast (9)
 H - a wand of mindburst (8)
Scrolls
 e - 2 scrolls of blinking
 m - a scroll of brand weapon
 r - 2 scrolls of poison
 v - 3 scrolls of fog
 A - a scroll of enchant armour
Potions
 b - 2 potions of berserk rage
 d - 3 potions of might
 f - a potion of invisibility {unknown}
 h - 4 potions of heal wounds {unknown}
 i - 4 potions of lignification {unknown}
 k - 4 potions of brilliance
 o - a potion of resistance
 p - 2 potions of cancellation {unknown}
 q - 3 potions of haste
 s - 2 potions of attraction {unknown}
 z - 2 potions of magic
 C - 2 potions of flight
 D - 4 potions of curing
 I - a potion of ambrosia {unknown}


   Skills:
 + Level 9.0 Fighting
 + Level 7.9 Maces & Flails
 + Level 9.0 Armour
 + Level 9.1 Shields


You had 9 spell levels left.
You didn't know any spells.
Your spell library contained the following spells:

 Spells                   Type           Power      Damage    Failure   Level
 Slow                     Hex            0%         N/A       90%         1
 Scorch                   Fire           0%         2d5       97%         2
 Confusing Touch          Hex            0%         N/A       99%         3
 Vampiric Draining        Necr           0%         2d6       99%         3
 Flame Wave               Conj/Fire      0%         2d4       100%        4
 Blade Hands              Tmut           0%         N/A       100%        5
 Iron Shot                Conj/Erth      0%         9d1       100%        6
 Animate Armour           Summ/Erth      Unusable   N/A       N/A         4
 Summon Cactus Giant      Summ           Unusable   N/A       N/A         6

Dungeon Overview and Level Annotations

Branches:
Dungeon (9/15)             Temple (1/1) D:7            Lair (0/5) D:8
Ossuary (visited)
    Orc: D:9-12

Altars:
Ashenzari
Cheibriados
Gozag
Makhleb
Okawaru
Qazlal
Trog
Wu Jian


Innate Abilities, Weirdness & Mutations

You are immune to sickness and miasma.
Your stone body is resilient. (AC +7)
You are immune to poison.
You resist negative energy. (rN+)
You are resistant to electric shocks. (rElec)
You are resistant to unholy torment.
You are immune to petrification.


Message History

The killer bee stings you but does no damage.
The killer bee attacks as you move away!
You block the killer bee's attack.
The killer bee attacks as you move away!
The killer bee stings you. x2
The killer bee stings you but does no damage.
The killer bee stings you.
* * * LOW HITPOINT WARNING * * *
The killer bee stings you.
* * * LOW HITPOINT WARNING * * *
You block the killer bee's attack.
The killer bee stings you but does no damage.
The killer bee stings you.
* * * LOW HITPOINT WARNING * * *
The killer bee closely misses you.
The killer bee stings you but does no damage.
The killer bee stings you but does no damage.
The killer bee stings you.
* * * LOW HITPOINT WARNING * * *
The killer bee attacks as you move away!
You block the killer bee's attack.
The killer bee stings you but does no damage.
The killer bee stings you.
* * * LOW HITPOINT WARNING * * *
The killer bee attacks as you move away!
The killer bee barely misses you.
The killer bee stings you but does no damage. x3
You closely miss the killer bee. The killer bee stings you.
* * * LOW HITPOINT WARNING * * *
The killer bee stings you.
* * * LOW HITPOINT WARNING * * *
The killer bee stings you.
* * * LOW HITPOINT WARNING * * *
The killer bee stings you but does no damage.
You block the killer bee's attack.
The killer bee stings you but does no damage. x2
The killer bee barely misses you.
The killer bee stings you but does no damage. x3
The killer bee stings you.
You die...

.... #..# ....
#..########.
....#########...........
.......................
#....................
#....................
#....................
+...yy...######......
#...@y...# ......
........y...# .....
.............# .....
.............# ####
....##......... #...
.... #.......... ...
........#+# ....##....


You could see 4 killer bees.

Vanquished Creatures
  A two-headed ogre (D:8)
  Pikel (D:5)
  A troll (D:8)
  2 hornets
  Sigmund (D:6)
  Menkaure (D:5)
  Edmund (D:4)
  A water moccasin (D:7)
  2 orc warriors
  A black bear (D:6)
  4 ice beasts
  A sky beast (D:7)
  A wolf (D:8)
  2 ogres
  3 centaurs
  2 phantoms
  2 lemures (D:5)
  2 elf zombies (Ossuary)
  2 kobold brigands
  2 bullfrogs (D:7)
  A necrophage (D:5)
  A gnoll sergeant (D:7)
  A scorpion (D:6)
  A howler monkey (D:7)
  4 electric eels
  9 hounds
  An orc priest (D:8)
  2 human zombies (Ossuary)
  A jelly (D:5)
  Ijyb (D:4)
  Terence (D:3)
  2 orc wizards (D:8)
  3 mummies
  6 adders
  3 shadow imps (D:6)
  3 white imps
  A worm (D:4)
  3 dart slugs
  19 orcs
  9 ball pythons
  6 bats
  6 endoplasms
  6 giant cockroaches
  2 hobgoblins (D:1)
  6 quokkas
  3 frilled lizards
  6 goblins
  3 goblin zombies (Ossuary)
  9 hobgoblin zombies (Ossuary)
  A jackal zombie (Ossuary)
  15 kobolds
  9 kobold zombies (Ossuary)
  9 orc zombies (Ossuary)
  4 rats
  2 rat zombies (Ossuary)
192 creatures vanquished.

Vanquished Creatures (others)
  A giant cockroach (D:4)
  A ball python (D:3)
2 creatures vanquished.

Grand Total: 194 creatures vanquished

Notes
Turn   | Place    | Note
-------+----------+-------------------------------------------
     0 | D:1      | Dittersdorf the Gargoyle Fighter began the quest for the
                  | Orb.
     0 | D:1      | Reached XP level 1. HP: 14/14 MP: 1/1
   200 | D:1      | Reached XP level 2. HP: 18/19 MP: 2/2
   584 | D:1      | Reached XP level 3. HP: 21/23 MP: 3/3
  1236 | D:3      | Reached XP level 4. HP: 29/29 MP: 4/4
  1461 | D:3      | Found an opulent altar of Gozag.
  1525 | D:3      | Noticed Terence
  1538 | D:3      | Killed Terence
  1563 | D:3      | Identified the +1 robe of Valour {rN+ Will+ Str-5}
  1938 | D:4      | Noticed Ijyb
  1942 | D:4      | Noticed a phantom
  1949 | D:4      | Killed a phantom
  1950 | D:4      | Reached XP level 5. HP: 18/34 MP: 5/5
  1951 | D:4      | Killed Ijyb
  1996 | D:4      | Found a sand-covered staircase.
  2006 | Ossuary  | Entered an ossuary
  2021 | Ossuary  | Reached XP level 6. HP: 39/39 MP: 6/6
  2186 | Ossuary  | Reached skill level 5 in Shields
  2220 | Ossuary  | Reached skill level 5 in Armour
  2224 | Ossuary  | Reached skill level 5 in Fighting
  2224 | Ossuary  | Reached XP level 7. HP: 44/44 MP: 7/7
  2450 | D:4      | Noticed Edmund
  2457 | D:4      | Killed Edmund
  3246 | D:5      | Entered Level 5 of the Dungeon
  3426 | D:5      | Noticed Pikel
  3556 | D:5      | Killed Pikel
  3557 | D:5      | Reached skill level 5 in Maces & Flails
  3557 | D:5      | Reached XP level 8. HP: 39/52 MP: 8/8
  3761 | D:5      | Noticed Menkaure
  3766 | D:5      | Killed Menkaure
  3882 | D:6      | Reached XP level 9. HP: 52/56 MP: 9/9
  4367 | D:6      | Noticed Sigmund
  4388 | D:6      | Killed Sigmund
  5135 | D:7      | Found a staircase to the Ecumenical Temple.
  5145 | Temple   | Entered the Ecumenical Temple
  5173 | Temple   | Became a worshipper of Warmaster Okawaru
  5613 | D:7      | Reached * piety under Okawaru
  5822 | D:8      | Found a staircase to the Lair.
  5824 | D:8      | Noticed a troll
  5856 | D:8      | Killed a troll
  5857 | D:8      | Reached XP level 10. HP: 58/64 MP: 10/10
  5965 | D:8      | Reached ** piety under Okawaru
  6409 | D:8      | Noticed a two-headed ogre
  6416 | D:8      | Killed a two-headed ogre
  6595 | D:8      | Found a broken altar of Ashenzari.
  6599 | D:8      | Saw a vision of the Shoals and the Snake Pit.
  6599 | D:8      | Noticed a sea snake
  6599 | D:8      | Noticed a manticore
  6599 | D:8      | Noticed a sea snake
  6599 | D:8      | Noticed a manticore
  6599 | D:8      | Noticed a manticore
  6599 | D:8      | Noticed a naga sharpshooter
  6599 | D:8      | Noticed a salamander
  6599 | D:8      | Noticed an anaconda
  6599 | D:8      | Noticed a naga mage
  6599 | D:8      | Noticed a naga warrior
  6599 | D:8      | Noticed a mana viper
  6599 | D:8      | Noticed an anaconda
  6600 | D:8      | Noticed a mana viper
  6715 | D:9      | HP: 2/66 [killer bee (6)]
  6715 | D:9      | Slain by a killer bee

Illustrated notes

Levels and vault maps discovered:
D:1:      eino_arrival_cavern_a, layout_loops_ring, minmay_domino_4
D:2:      layout_rooms, hangedman_glass_teeth
D:3:      cheibrodos_helix_gallery, layout_loops_ring,
          nicolae_gozag_seed_capital, uniq_terence
D:4:      layout_layer_cave, gup_ossuary_entry_pyramid, st_stairs_10,
          grunt_ministairs_15, chequers_serial_rivers_room_b, uniq_ijyb,
          uniq_edmund
D:5:      layout_rooms, guppyfry_early_lair_pool, uniq_menkaure, uniq_pikel
D:6:      layout_basic, uniq_sigmund
D:7:      wad_river_or_something, layout_basic, minmay_temple_entry_nine_rooms
D:8:      layout_basic, grunt_ashenzari_visionary
          [grunt_ashenzari_visionary_shoals, grunt_ashenzari_visionary_snake],
          erik_lair_island, minivault_24
D:9:      layout_irregular_city, gammafunk_temple_of_torment, erik_orc_4,
          serial_shops, shop, minivault_16
Temple:   hc_temple_tempest_star

Skill      XL: |  1  2  3  4  5  6  7  8  9 10 |
---------------+-------------------------------+-----
Fighting       | 4 5 6 8 9 |  9.0
Armour         | 4 5 6 8 9 |  9.0
Shields        | 4 5 6 8 9 |  9.1
Maces & Flails | 3 5 7 |  7.9

Action                   |  1- 3 |  4- 6 |  7- 9 | 10-12 || total
-------------------------+-------+-------+-------+-------++-------
Melee: Flail             |    90 |       |       |       ||    90
       Morningstar       |    34 |   132 |   259 |    93 ||   518
Throw: Dart              |       |       |     8 |     1 ||     9
Invok: Heroism           |       |       |       |     1 ||     1
  Use: Scroll            |       |    12 |     4 |     1 ||    17
Armor: Scale mail        |    76 |    26 |       |       ||   102
       Chain mail        |       |   126 |   232 |   194 ||   552
Dodge: Dodged            |    66 |    88 |   128 |   121 ||   403
Block: Buckler           |    24 |    52 |    82 |    79 ||   237

Table legend: (Time is in decaauts)
 A = Elapsed time spent in this place.
 B = Non-inter-level travel time spent in this place.
 C = Inter-level travel time spent in this place.
 D = Time resting spent in this place.
 E = Time spent auto-exploring this place.
 F = Levels seen in this place.
 G = Mean time per level.
                   A        B        C        D        E       F      G
               +--------+--------+--------+--------+--------+-----+--------+
         Total |   7153 |   6781 |    372 |    157 |   4740 |  11 |  650.3 |
       Dungeon |   6601 |   6243 |    358 |    128 |   4566 |   9 |  733.4 |
        Temple |     44 |     30 |     14 |      0 |     14 |   1 |   44.0 |
       Ossuary |    507 |    507 |      0 |     29 |    160 |   1 |  507.0 |
               +--------+--------+--------+--------+--------+-----+--------+

Top non-repeatable levels by time:
     D:4: 1026 daAuts
     D:8: 1022 daAuts
     D:6: 1016 daAuts
     D:7: 883 daAuts
     D:1: 747 daAuts
     D:5: 696 daAuts
     D:3: 686 daAuts
 Ossuary: 507 daAuts
     D:2: 479 daAuts
  Temple: 44 daAuts
     D:9: 43 daAuts
